% Time on Ice - CALGARY FIREMEN
Lines # - Real PCT - Wanted PCT - Time Play
Normal Forward
1 - 32% - 36% - 14:05
2 - 27% - 31% - 11:55
3 - 26% - 23% - 11:34
4 - 15% - 10% - 6:33
Normal Defense
1 - 37% - 36% - 16:15
2 - 33% - 31% - 14:34
3 - 27% - 23% - 12:02
4 - 3% - 10% - 1:16
PP Forward
1 - 61% - 55% - 7:17
2 - 39% - 45% - 4:38
PP Defense
1 - 53% - 55% - 6:17
2 - 47% - 45% - 5:38
PK Forward
1 - 61% - 55% - 2:26
2 - 39% - 45% - 1:32
PK Defense
1 - 51% - 55% - 2:01
2 - 49% - 45% - 1:57
PK3 Forward
1 - 0% - 55%
2 - 0% - 45%
PK3 Defense
1 - 0% - 55%
2 - 0% - 45%
44 Forward
1 - 0% - 55%
2 - 0% - 45%
44 Defense
1 - 0% - 55%
2 - 0% - 45%
Last Minute Offensive  - 0:00
Last Minute Defensive  - 0:00
Total
Forward - 60:00
Defense - 60:00
% Time on Ice - VANCOUVER VOODOO
Lines # - Real PCT - Wanted PCT - Time Play
Normal Forward
1 - 30% - 33% - 13:21
2 - 30% - 32% - 13:14
3 - 27% - 27% - 12:02
4 - 12% - 8% - 5:30
Normal Defense
1 - 33% - 38% - 14:41
2 - 37% - 38% - 16:21
3 - 30% - 24% - 13:05
4 - 0% - 0% - 0:00
PP Forward
1 - 45% - 53% - 1:46
2 - 55% - 47% - 2:12
PP Defense
1 - 46% - 53% - 1:49
2 - 54% - 47% - 2:09
PK Forward
1 - 56% - 53% - 6:40
2 - 44% - 47% - 5:15
PK Defense
1 - 53% - 53% - 6:18
2 - 47% - 47% - 5:37
PK3 Forward
1 - 0% - 55%
2 - 0% - 45%
PK3 Defense
1 - 0% - 52%
2 - 0% - 48%
44 Forward
1 - 0% - 51%
2 - 0% - 49%
44 Defense
1 - 0% - 52%
2 - 0% - 48%
Last Minute Offensive  - 0:00
Last Minute Defensive  - 0:00
Total
Forward - 60:00
Defense - 60:00
Play-by-Play 1st period 0:01 of 1st period - Filip Forsberg wins face-off versus Kirby Dach in neutral zone. 0:16 of 1st period - Shot by Rafael Harvey-Pinard. 0:16 of 1st period - Stopped by Samuel Ersson with a rebound. 0:18 of 1st period - Shot by Kirby Dach. 0:18 of 1st period - Shot Misses the Net. 0:20 of 1st period - Shot by Kirby Dach. 0:20 of 1st period - Goal by Kirby Dach - CALGARY FIREMEN : 0 - VANCOUVER VOODOO : 1. 0:21 of 1st period - Joshua Norris wins face-off versus Ryan Johansen in neutral zone. 1:00 of 1st period - Jordan Oesterle is hit by Carson Soucy and loses puck. 1:08 of 1st period - Icing by Jordan Harris. 1:09 of 1st period - Yakov Trenin wins face-off versus Joshua Norris in VANCOUVER VOODOO zone. 1:09 of 1st period - Yakov Trenin is hit by Carson Soucy. 1:10 of 1st period - Minor Penalty to Carson Soucy for Roughing. 1:11 of 1st period - Christian Dvorak wins face-off versus Filip Forsberg in VANCOUVER VOODOO zone. 1:11 of 1st period - Rafael Harvey-Pinard is hit by Jake McCabe and loses puck. 1:26 of 1st period - Shot by Filip Forsberg. 1:26 of 1st period - Stopped by Filip Gustavsson without a rebound. 1:27 of 1st period - Radek Faksa wins face-off versus Filip Forsberg in VANCOUVER VOODOO zone. 1:38 of 1st period - Shot by Nicolas Roy. 1:38 of 1st period - Shot Misses the Net. 1:40 of 1st period - Shot by Radek Faksa. 1:40 of 1st period - Shot Misses the Net. 1:42 of 1st period - Shot by Jordan Harris. 1:42 of 1st period - Stopped by Samuel Ersson without a rebound. 1:43 of 1st period - Ryan Johansen wins face-off versus Christian Dvorak in CALGARY FIREMEN zone. 2:21 of 1st period - Oskar Lindblom is hit by Alexander Edler and loses puck. 3:12 of 1st period - Yakov Trenin is hit by Josh Anderson. 3:23 of 1st period - Sonny Milano is hit by Josh Anderson and loses puck. 3:27 of 1st period - Colton White is hit by Callan Foote and loses puck. 3:41 of 1st period - Liam Foudy is hit by Callan Foote and loses puck. 4:37 of 1st period - Icing by Alexander Edler. 4:38 of 1st period - Christian Dvorak wins face-off versus Filip Forsberg in VANCOUVER VOODOO zone. 4:52 of 1st period - Off-side. 4:53 of 1st period - Ryan Johansen wins face-off versus Kirby Dach in neutral zone. 4:56 of 1st period - Shot by Mason Marchment. 4:56 of 1st period - Shot Misses the Net. 5:05 of 1st period - Off-side. 5:06 of 1st period - Radek Faksa wins face-off versus Filip Forsberg in neutral zone. 5:39 of 1st period - Shot by Mattias Janmark-Nylen. 5:39 of 1st period - Goal by Mattias Janmark-Nylen - CALGARY FIREMEN : 1 - VANCOUVER VOODOO : 1. 5:40 of 1st period - Ryan Johansen wins face-off versus Nicolas Roy in neutral zone. 6:13 of 1st period - Shot by Rafael Harvey-Pinard. 6:13 of 1st period - Stopped by Samuel Ersson without a rebound. 6:14 of 1st period - Christian Dvorak wins face-off versus Filip Forsberg in CALGARY FIREMEN zone. 6:24 of 1st period - Christian Dvorak is hit by Nikita Zadorov and loses puck. 6:48 of 1st period - Filip Forsberg is hit by Callan Foote and loses puck. 8:12 of 1st period - Icing by Liam Foudy. 8:13 of 1st period - Joshua Norris wins face-off versus Yakov Trenin in CALGARY FIREMEN zone. 8:14 of 1st period - Shot by Josh Anderson. 8:14 of 1st period - Stopped by Samuel Ersson without a rebound. 8:15 of 1st period - Joshua Norris wins face-off versus Filip Forsberg in CALGARY FIREMEN zone. 8:24 of 1st period - Shot by Josh Anderson. 8:24 of 1st period - Shot Misses the Net. 8:26 of 1st period - Shot by Josh Anderson. 8:26 of 1st period - Shot Misses the Net. 9:05 of 1st period - Icing by Jakob Silfverberg. 9:06 of 1st period - Kirby Dach wins face-off versus Filip Forsberg in CALGARY FIREMEN zone. 9:24 of 1st period - Shot by Nicolas Roy. 9:24 of 1st period - Stopped by Samuel Ersson with a rebound. 9:26 of 1st period - Shot by Carson Soucy. 9:26 of 1st period - Shot Misses the Net. 9:28 of 1st period - Shot by Rafael Harvey-Pinard. 9:28 of 1st period - Stopped by Samuel Ersson without a rebound. 9:29 of 1st period - Christian Dvorak wins face-off versus Ryan Johansen in CALGARY FIREMEN zone. 9:30 of 1st period - Shot by Conor Garland. 9:30 of 1st period - Shot Misses the Net. 9:32 of 1st period - Shot by Joel Armia. 9:32 of 1st period - Stopped by Samuel Ersson without a rebound. 9:33 of 1st period - Ryan Johansen wins face-off versus Kirby Dach in CALGARY FIREMEN zone. 9:33 of 1st period - Ryan Johansen is hit by Nicolas Roy. 9:46 of 1st period - Ryan Johansen is hit by Carson Soucy and loses puck. 10:32 of 1st period - Shot by Joshua Norris. 10:32 of 1st period - Stopped by Samuel Ersson without a rebound. 10:33 of 1st period - Brett Howden wins face-off versus Christian Dvorak in CALGARY FIREMEN zone. 10:40 of 1st period - Joel Armia is hit by Michael McCarron and loses puck. 11:05 of 1st period - Minor Penalty to Conor Garland for Hooking. 11:06 of 1st period - Mattias Janmark-Nylen wins face-off versus Christian Dvorak in VANCOUVER VOODOO zone. 11:15 of 1st period - Shot by Filip Forsberg. 11:15 of 1st period - Stopped by Filip Gustavsson without a rebound. 11:16 of 1st period - Radek Faksa wins face-off versus Filip Forsberg in VANCOUVER VOODOO zone. 11:28 of 1st period - Shot by Nikita Zadorov. 11:28 of 1st period - Stopped by Filip Gustavsson with a rebound. 11:30 of 1st period - Shot by Filip Forsberg. 11:30 of 1st period - Stopped by Filip Gustavsson without a rebound. 11:31 of 1st period - Ryan Johansen wins face-off versus Radek Faksa in VANCOUVER VOODOO zone. 11:32 of 1st period - Shot by Jamie Oleksiak. 11:32 of 1st period - Stopped by Filip Gustavsson with a rebound. 11:52 of 1st period - Shot by Ryan Johansen. 11:52 of 1st period - Shot Misses the Net. 12:00 of 1st period - Shot by Ryan Johansen. 12:00 of 1st period - Stopped by Filip Gustavsson without a rebound. 12:01 of 1st period - Radek Faksa wins face-off versus Filip Forsberg in VANCOUVER VOODOO zone. 13:09 of 1st period - Icing by Sonny Milano. 13:10 of 1st period - Joshua Norris wins face-off versus Yakov Trenin in CALGARY FIREMEN zone. 14:00 of 1st period - Yakov Trenin is hit by Joshua Norris and loses puck. 14:26 of 1st period - Shot by Nicolas Roy. 14:26 of 1st period - Stopped by Samuel Ersson without a rebound. 14:27 of 1st period - Ryan Johansen wins face-off versus Conor Garland in CALGARY FIREMEN zone. 14:32 of 1st period - Shot by Mason Marchment. 14:32 of 1st period - Shot Blocked by Carson Soucy. 15:05 of 1st period - Shot by Conor Garland. 15:05 of 1st period - Goal by Conor Garland - CALGARY FIREMEN : 1 - VANCOUVER VOODOO : 2. 15:06 of 1st period - Filip Forsberg wins face-off versus Kirby Dach in neutral zone. 15:26 of 1st period - Shot by Jakob Silfverberg. 15:26 of 1st period - Stopped by Filip Gustavsson with a rebound. 15:40 of 1st period - Shot by Jakob Silfverberg. 15:40 of 1st period - Shot Blocked by Alexander Edler. 15:42 of 1st period - Shot by Nikita Zadorov. 15:42 of 1st period - Stopped by Filip Gustavsson without a rebound. 15:43 of 1st period - Brett Howden wins face-off versus Joshua Norris in VANCOUVER VOODOO zone. 16:58 of 1st period - Shot by Ryan Johansen. 16:58 of 1st period - Stopped by Filip Gustavsson without a rebound. 16:59 of 1st period - Kirby Dach wins face-off versus Mattias Janmark-Nylen in VANCOUVER VOODOO zone. 17:05 of 1st period - Kirby Dach is hit by Nikita Zadorov and loses puck. 17:07 of 1st period - Minor Penalty to Kirby Dach for Holding. 17:08 of 1st period - Christian Dvorak wins face-off versus Filip Forsberg in VANCOUVER VOODOO zone. 18:14 of 1st period - Icing by Jake McCabe. 18:15 of 1st period - Christian Dvorak wins face-off versus Mason Marchment in CALGARY FIREMEN zone. 18:31 of 1st period - Shot by Christian Dvorak. 18:31 of 1st period - Deflect By Rafael Harvey-Pinard. 18:31 of 1st period - Shot Blocked by Jake McCabe. 18:33 of 1st period - Shot by Christian Dvorak. 18:33 of 1st period - Deflect By Rafael Harvey-Pinard. 18:33 of 1st period - Stopped by Samuel Ersson without a rebound. 18:34 of 1st period - Radek Faksa wins face-off versus Filip Forsberg in CALGARY FIREMEN zone. 18:57 of 1st period - Shot by Jakob Silfverberg. 18:57 of 1st period - Shot Misses the Net. 19:05 of 1st period - Shot by Jakob Silfverberg. 19:05 of 1st period - Stopped by Filip Gustavsson without a rebound. 19:06 of 1st period - Christian Dvorak wins face-off versus Ryan Johansen in VANCOUVER VOODOO zone. 19:17 of 1st period - Shot by Joshua Norris. 19:17 of 1st period - Shot Misses the Net. Goals for this period are 1 for CALGARY FIREMEN vs 2 for VANCOUVER VOODOO. Shots for this period are 11 for CALGARY FIREMEN vs 12 for VANCOUVER VOODOO. 2nd period 0:01 of 2nd period - Kirby Dach wins face-off versus Filip Forsberg in neutral zone. 0:06 of 2nd period - Jakob Silfverberg is hit by Kirby Dach and loses puck. 0:19 of 2nd period - Icing by Nicolas Roy. 0:20 of 2nd period - Kirby Dach wins face-off versus Ryan Johansen in VANCOUVER VOODOO zone. 0:48 of 2nd period - Off-side. 0:49 of 2nd period - Filip Forsberg wins face-off versus Christian Dvorak in neutral zone. 1:03 of 2nd period - Shot by Christian Dvorak. 1:03 of 2nd period - Shot Blocked by Jordan Oesterle. 1:05 of 2nd period - Shot by Christian Dvorak. 1:05 of 2nd period - Stopped by Samuel Ersson without a rebound. 1:06 of 2nd period - Radek Faksa wins face-off versus Yakov Trenin in CALGARY FIREMEN zone. 1:09 of 2nd period - Shot by Josh Bailey. 1:09 of 2